 Dungeon Crawl Stone Soup version 0.28-a0-726-g4a9143789a (webtiles) character file.

Game seed: 7758145594308685396

207 cheechan the Bolt Thrower (level 5, -1/46 HPs)
             Began as a Naga Hunter on Oct 27, 2021.
             Slain by Ijyb (4 damage)
             ... on level 1 of the Dungeon.
             The game lasted 00:05:56 (1338 turns).

cheechan the Bolt Thrower (Naga Hunter)             Turns: 1338, Time: 00:05:56

Health: -1/46      AC:  3    Str: 16    XL:     5   Next: 85%
Magic:  5/5        EV:  9    Int: 11    God:
Gold:   45         SH:  0    Dex: 11    Spells: 4/4 levels left

rFire   . . .      SeeInvis +   i - +3 short sword
rCold   . . .      Faith    +   (no shield)
rNeg    . . .      Spirit   .   c - +0 leather armour
rPois   +          Reflect  .   (no helmet)
rElec   .          Harm     .   (no cloak)
rCorr   .          Rampage  .   (no gloves)
Will    .....                   (no barding)
Stlth   ++........              k - amulet of faith
HPRegen 0.15/turn               (no ring)
MPRegen 0.09/turn               (no ring)

@: very slow
A: AC +1, large, see invisible, deformed body, poison resistance, slowness 2,
spit poison 1, naga tail 1
a: Spit Poison


You were on level 1 of the Dungeon.
You visited 1 branch of the dungeon, and saw 2 of its levels.

You collected 45 gold pieces.

Inventory:

Hand Weapons
 a - a +1 hand crossbow of electrocution
 b - a +0 short sword
 i - a +3 short sword (weapon)
Missiles
 e - 61 stones
 g - 4 boomerangs of dispersal
 h - 67 sling bullets
 l - 27 arrows
Armour
 c - a +0 leather armour (worn)
Jewellery
 k - an amulet of faith (around neck)
Scrolls
 f - a scroll of noise
 m - a scroll of identify


   Skills:
 + Level 2.6 Fighting
 + Level 5.2 Crossbows
 + Level 1.7 Armour
 + Level 2.0 Dodging
 + Level 2.3 Stealth


You had 4 spell levels left.
You didn't know any spells.
Your spell library was empty.

Dungeon Overview and Level Annotations

Branches:
Dungeon (2/15)

Altars:

Annotations:
D:1 Ijyb


Innate Abilities, Weirdness & Mutations

Your serpentine skin is tough. (AC +1)
You have supernaturally acute eyesight. (SInv)
Armour fits poorly on your strangely shaped body.
Your system is resistant to poisons. (rPois)
You cover ground very slowly.
You can spit poison.
You have a snake-like lower body.


Message History

You shoot a bolt. The bolt hits Ijyb.
Ijyb is moderately wounded.
Ijyb hits you with a +0 dagger.
* * * LOW HITPOINT WARNING * * *
Fire: bolt
Press: ? - help, Q - select action, (/) - cycle Shift-Dir - straight line, f/p - Ijyb
Aim: Ijyb, wielding a +0 dagger and wearing a +0 leather armour (moderately wounded, 58% to hit)
You shoot a bolt. The bolt closely misses Ijyb.
Ijyb barely misses you.
Press: ? - help, Shift-Dir - straight line, f/p - Ijyb
Aim: Ijyb, wielding a +0 dagger and wearing a +0 leather armour (moderately wounded)
The splash of poison misses Ijyb.
Ijyb hits you with a +0 dagger.
* * * LOW HITPOINT WARNING * * *
Your +1 hand crossbow of electrocution stops crackling.
i - a +3 short sword (weapon)
Ijyb completely misses you.
You closely miss Ijyb.
Ijyb is moderately wounded.
Ijyb closely misses you.
You barely miss Ijyb.
Ijyb is moderately wounded.
You have got your breath back.
Ijyb hits you with a +0 dagger.
* * * LOW HITPOINT WARNING * * *
Your magical contamination has completely faded away.
You hit Ijyb.
Ijyb is moderately wounded.
Ijyb hits you with a +0 dagger.
* * * LOW HITPOINT WARNING * * *
You hit Ijyb but do no damage.
Ijyb is moderately wounded.
Ijyb hits you with a +0 dagger.
* * * LOW HITPOINT WARNING * * *
You hit Ijyb.
Ijyb is moderately wounded.
Ijyb hits you but does no damage.
You barely miss Ijyb.
Ijyb is moderately wounded.
Ijyb hits you with a +0 dagger.
You die...

##....# ####.........♣♣.....#.#
P.....# #....#... ...♣P♣.P....#
.P....# #....#.### #.PP.......#
.♣.†..# #......#.####..#.#....#
.♣P...# #...##.#.#............#
.♣P..######........#.###.#.#....#
.....#.........).#.#.###.#.#..†..
#....##.###.#P...#.#.......#.#..#
.....†....#.PP[.@#)#.......#.#...
#.........#...P.g#.##.....##.#...
##........#..♣♣..#.........#.##..
#...........♣...#.....#.#.......
#...........♣...#.#.###.....#.##
#........P♣♣♣PP.#.#.# #...#.....
#.......♣♣♣♣P.#.#.#.# #..##.#.##
#####..♣PP♣...#(#.#.# #.....†.##
##........#.#.#.# ##.##.####


You could see Ijyb.

Vanquished Creatures
  Sigmund (D:2)
  A dart slug (D:1)
  2 ball pythons (D:1)
  6 bats
  2 endoplasms (D:2)
  7 goblins
  2 hobgoblins
  3 jackals (D:1)
  2 quokkas (D:1)
  3 frilled lizards
  2 kobolds (D:1)
  3 rats (D:1)
34 creatures vanquished.

Vanquished Creatures (others)
  5 plants (D:1)
5 creatures vanquished.

Grand Total: 39 creatures vanquished

Notes
Turn   | Place    | Note
-------+----------+-------------------------------------------
     0 | D:1      | cheechan the Naga Hunter began the quest for the Orb.
     0 | D:1      | Reached XP level 1. HP: 19/19 MP: 1/1
   131 | D:1      | Reached skill level 4 in Crossbows
   131 | D:1      | Reached XP level 2. HP: 4/26 MP: 2/2
   605 | D:1      | Reached XP level 3. HP: 32/32 MP: 3/3
  1293 | D:2      | Noticed Sigmund
  1295 | D:2      | Noticed Ijyb
  1308 | D:2      | Killed Sigmund
  1309 | D:2      | Reached skill level 5 in Crossbows
  1309 | D:2      | Reached skill level 1 in Armour
  1309 | D:2      | Reached XP level 4. HP: 11/40 MP: 4/4
  1309 | D:2      | Reached XP level 5. HP: 13/46 MP: 5/5
  1310 | D:2      | Paralysed by Ijyb for 4 turns
  1317 | D:2      | Paralysed by Ijyb for 6 turns
  1338 | D:1      | Slain by Ijyb

Illustrated notes

Levels and vault maps discovered:
D:1:      dpeg_arrival_simpleton_a, layout_basic, serial_forest,
          infiniplex_forest_clump_tiny, infiniplex_forest_diagonal,
          infiniplex_forest_clump_small, infiniplex_forest_clump_curved,
          infiniplex_forest_straight_1, infiniplex_forest_clump_small,
          infiniplex_forest_lined_room_2, infiniplex_forest_clump_double
D:2:      kennysheep_the_goblin_king, layout_loops_ring,
          ebering_ecumenical_altar_webs, basic_altar, minmay_misc_feat_x,
          uniq_sigmund

Skill      XL: |  1  2  3 |
---------------+----------+-----
Crossbows      | 4 5 |  5.2
Armour         | 1 |  1.7
Dodging        | 2 |  2.0
Stealth        | 2 |  2.3
Fighting       | |  2.6

Action                   |  1- 3 |  4- 6 || total
-------------------------+-------+-------++-------
Melee: Hand crossbow     |     7 |       ||     7
       Short sword       |       |     6 ||     6
 Fire: Hand crossbow     |    79 |     2 ||    81
 Abil: Spit Poison       |     6 |     1 ||     7
  Use: Scroll            |     6 |       ||     6
       Potion            |       |     1 ||     1
Armor: Leather armour    |    34 |     2 ||    36
Dodge: Dodged            |    55 |     5 ||    60

Table legend: (Time is in decaauts)
 A = Elapsed time spent in this place.
 B = Non-inter-level travel time spent in this place.
 C = Inter-level travel time spent in this place.
 D = Time resting spent in this place.
 E = Time spent auto-exploring this place.
 F = Levels seen in this place.
 G = Mean time per level.
                   A        B        C        D        E       F      G
               +--------+--------+--------+--------+--------+-----+--------+
         Total |   1739 |   1739 |      0 |    199 |      0 |   2 |  869.5 |
       Dungeon |   1739 |   1739 |      0 |    199 |      0 |   2 |  869.5 |
               +--------+--------+--------+--------+--------+-----+--------+

Top non-repeatable levels by time:
     D:1: 1091 daAuts
     D:2: 648 daAuts
